 Dungeon Crawl Stone Soup version 0.21.1-1-g345015f (webtiles) character file.

422 shakethe the Digger (level 7, -5/51 HPs)
             Began as a Formicid Earth Elementalist on Feb 26, 2018.
             Slain by homeworkjunkie's ghost (16 damage)
             ... on level 4 of the Dungeon.
             The game lasted 00:13:20 (5816 turns).

shakethe the Digger (Formicid Earth Elementalist)   Turns: 5816, Time: 00:13:20

Health: -5/51      AC:  3    Str: 12    XL:     7   Next: 17%
Magic:  3/12       EV: 13    Int: 17    God:
Gold:   267        SH:  0    Dex: 11    Spells: 8/12 levels left

rFire    . . .     SeeInvis +   q - +1 war axe (elec)
rCold    + . .     Gourm    .   (no shield)
rNeg     . . .     Faith    .   c - +1 robe
rPois    .         Spirit   .   (helmet unavailable)
rElec    .         Reflect  .   (no cloak)
rCorr    .         Harm     .   (no gloves)
MR       .....                  (no boots)
Stlth    ++........             (no amulet)
HPRegen  0.17/turn              h - ring of protection from cold {rC+, !d}
MPRegen  0.13/turn              (no ring)

@: no status effects
A: permanent stasis, dig shafts and tunnels, four strong arms, antennae 3
a: Dig, Shaft Self


You were on level 4 of the Dungeon.
You were not hungry.

You visited 1 branch of the dungeon, and saw 4 of its levels.

You collected 267 gold pieces.

Inventory:

Hand Weapons
 f - a +0 hunting sling
   (You found it on level 1 of the Dungeon)
 j - a +0 whip
   (You took it off a kobold on level 1 of the Dungeon)
 q - a +1 war axe of electrocution (weapon)
   (You found it on level 2 of the Dungeon)
Missiles
 b - 80 stones (quivered)
Armour
 c - a +1 robe (worn)
Jewellery
 h - a ring of protection from cold (left hand) {rC+, !d}
   (You found it on level 1 of the Dungeon)
Wands
 r - a wand of flame (21)
   (You found it on level 2 of the Dungeon)
 u - a wand of scattershot (3)
   (You took it off Ijyb on level 3 of the Dungeon)
Scrolls
 m - a scroll of enchant armour
 n - a scroll of fog {unknown}
 p - a scroll of teleportation {unknown}
 t - a scroll of fear
 v - a scroll of identify
 w - a scroll of amnesia {unknown}
Potions
 a - a potion of ambrosia {unknown}
 i - 3 potions of brilliance
 k - a potion of curing
 l - 3 potions of agility
 o - 2 potions of heal wounds {unknown}
 s - a potion of invisibility {unknown}
 x - a potion of cancellation
Books
 e - a book of Geomancy
Comestibles
 d - 7 rations
 g - 3 chunks of flesh {@w0@w0}


   Skills:
 + Level 2.8 Fighting
 + Level 1.4 Axes
 + Level 3.1 Dodging
 + Level 4.3 Stealth
 + Level 3.4 Spellcasting
 + Level 1.2 Conjurations
   Level 1.1 Transmutations
 + Level 5.0 Earth Magic


You had 8 spell levels left.
You knew the following spells:

 Your Spells              Type           Power        Failure   Level  Hunger
a - Sandblast             Erth           ###...       1%          1    None
x - Stone Arrow           Conj/Erth      ##....       14%         3    ###....


Dungeon Overview and Level Annotations

Branches:
Dungeon (4/15)
 Temple: D:4-7

Altars:
Dithmenos

Annotations:
D:4 homeworkjunkie's ghost, novice HOFi


Innate Abilities, Weirdness & Mutations

You cannot be hasted, slowed, berserked, paralysed or teleported.
You can dig through walls and to a lower floor.
Your four strong arms can wield two-handed weapons with a shield.
You have a pair of large antennae on your head. (SInv)


Message History

The blast of sand hits the iguana.
b - 83 stones The iguana bites you!
You take 10 damage, and have 23/51 hp.
You now have 10/12 mp.
You hit the iguana. The iguana barely misses you.
Aim: an iguana (almost dead)
The blast of sand hits the iguana.
b - 82 stones The iguana barely misses you.
You now have 10/12 mp.
You hit the iguana.
You kill the iguana!
You see here an iguana corpse.
You butcher the iguana corpse.
g - 2 chunks of flesh {@w0@w0} You see here a quokka corpse.
Okay, then.
You start resting.
Eating one of 2 chunks of flesh {@w0@w0}.
You eat one of the 2 chunks of flesh {@w0@w0}.
Health restored: 51; MP restored: 12
There is a stone staircase leading up here.
You see here a quokka corpse.
v - a scroll of identify An iguana comes into view.
The iguana hisses angrily.
Aim: an iguana The blast of sand hits the iguana.
b - 81 stones The iguana bites you!
You take 10 damage, and have 41/51 hp.
You now have 11/12 mp.
You barely miss the iguana. The iguana bites you.
You take 5 damage, and have 36/51 hp.
You hit the iguana. Lightning courses through the iguana!
You kill the iguana!
Your Earth Magic skill increases to level 5!
You see here an iguana corpse.
You see here an iguana corpse.
MP restored: 12 You butcher the iguana corpse.
g - 4 chunks of flesh {@w0@w0} (gained 3)
Found a stone staircase leading down.
You regained 2 hp, and now have 40/51 hp.
You start resting.
Some of the chunks of flesh in your inventory have rotted away.
Homeworkjunkie's ghost (novice Hill Orc Fighter) comes into view.
It is wielding a weapon of venom.
You regained 10 hp, and now have 50/51 hp.
Health restored: 51 You don't know that spell.
You don't know that spell.
You can't see any susceptible monsters within range! (Use Z to cast anyway.)
You can't see any susceptible monsters within range! (Use Z to cast anyway.) Unknown command.
Here: homeworkjunkie's ghost, wielding a weapon of venom The floor.
Homeworkjunkie's ghost is nearby!
You don't know that spell.
Aim: homeworkjunkie's ghost, wielding a weapon of venom The stone arrow hits homeworkjunkie's ghost.
You now have 9/12 mp.
Aim: homeworkjunkie's ghost, wielding a weapon of venom (lightly damaged)
The stone arrow hits homeworkjunkie's ghost.
You now have 6/12 mp.
Aim: homeworkjunkie's ghost, wielding a weapon of venom (moderately damaged)
The stone arrow hits homeworkjunkie's ghost.
You now have 3/12 mp.
Aim: homeworkjunkie's ghost, wielding a weapon of venom (moderately damaged)
The blast of sand hits homeworkjunkie's ghost.
b - 80 stones Homeworkjunkie's ghost completely misses you.
You now have 2/12 mp.
You hit homeworkjunkie's ghost. Homeworkjunkie's ghost hits you!
You are poisoned.
Homeworkjunkie's ghost hits you.
You take 20 damage, and have 31/51 hp.
MASSIVE DAMAGE!!
You hit homeworkjunkie's ghost.
You feel very sick. Homeworkjunkie's ghost hits you!
* * * LOW HITPOINT WARNING * * *
You take 16 damage, and have 15/51 hp.
MASSIVE DAMAGE!!
* * * LOW HITPOINT WARNING * * *
You feel sick.
You take 1 damage, and have 14/51 hp.
* * * LOW HITPOINT WARNING * * *
You feel sick.
You take 2 damage, and have 12/51 hp.
* * * LOW HITPOINT WARNING * * *
You feel sick.
It was a potion of curing.
You feel better.
Homeworkjunkie's ghost barely misses you.
You regained 5 hp, and now have 17/51 hp.
Homeworkjunkie's ghost hits you!
* * * LOW HITPOINT WARNING * * *
You are lethally poisoned!
You take 13 damage, and have 4/51 hp.
MASSIVE DAMAGE!!
You feel better. Homeworkjunkie's ghost hits you!
You die...

#....#....# #....#.#..#
#....#.#..# #....#.#..#
#........># #....##.###
#....##.#
###.###.W..##.#######..
........@..............
#######.#.###.#.######
#.#.#...#.#
#รท#.#.###.#
#.#.#.....# #.#.#######
#.#.. #<### ###


You could see homeworkjunkie's ghost.

Vanquished Creatures
  The ghost of grindst0ne the Chucker, an amateur OgHu (D:3)
  Ijyb (D:3)
  2 iguanas (D:4)
  6 adders
  5 oozes
  3 worms
  An orc (D:3)
  A ball python (D:3)
  12 giant cockroaches
  10 goblins
  12 hobgoblins
  10 jackals
  4 quokkas
  5 bats
  5 frilled lizards
  12 kobolds
  12 rats
102 creatures vanquished.

Vanquished Creatures (others)
  3 fungi (D:4)
3 creatures vanquished.

Grand Total: 105 creatures vanquished

Notes
Turn   | Place    | Note
-------+----------+-------------------------------------------
     0 | D:1      | shakethe the Formicid Earth Elementalist began the quest for the Orb.
     0 | D:1      | Reached XP level 1. HP: 13/13 MP: 3/3
     1 | D:1      | Found a runed door.
   262 | D:1      | Reached XP level 2. HP: 20/20 MP: 3/5
   568 | D:1      | Reached skill level 2 in Dodging
   949 | D:1      | Reached XP level 3. HP: 18/25 MP: 6/6
  1205 | D:1      | Reached skill level 1 in Fighting
  1219 | D:1      | Reached skill level 4 in Earth Magic
  1239 | D:1      | Reached skill level 3 in Stealth
  1465 | D:1      | Reached XP level 4. HP: 21/32 MP: 5/7
  1712 | D:2      | Learned a level 3 spell: Stone Arrow
  1819 | D:2      | Found a faded altar of an unknown god.
  2197 | D:2      | HP: 8/33 [hobgoblin/club (2)]
  2258 | D:2      | HP: 7/33 [hobgoblin/club (3)]
  2324 | D:2      | HP: 8/33 [hobgoblin/club (2)]
  2325 | D:2      | Reached XP level 5. HP: 9/38 MP: 6/9
  3066 | D:2      | Reached skill level 3 in Spellcasting
  3185 | D:2      | Reached skill level 2 in Fighting
  3271 | D:2      | HP: 7/38 [worm (9)]
  3272 | D:2      | HP: 2/38 [worm (5)]
  4359 | D:3      | Noticed grindst0ne's ghost (amateur OgHu)
  4802 | D:3      | Killed grindst0ne's ghost
  4802 | D:3      | Reached skill level 1 in Axes
  4802 | D:3      | Reached skill level 3 in Dodging
  4802 | D:3      | Reached skill level 4 in Stealth
  4802 | D:3      | Reached skill level 1 in Conjurations
  4802 | D:3      | Reached XP level 6. HP: 27/46 MP: 2/11
  5100 | D:3      | Noticed Ijyb
  5107 | D:3      | Killed Ijyb
  5163 | D:3      | Reached XP level 7. HP: 51/51 MP: 10/12
  5455 | D:3      | Found a shadowy altar of Dithmenos.
  5714 | D:4      | Reached skill level 5 in Earth Magic
  5799 | D:4      | Noticed homeworkjunkie's ghost (novice HOFi)
  5811 | D:4      | HP: 12/51 [poisoned by homeworkjunkie's ghost]
  5815 | D:4      | HP: 4/51 [homeworkjunkie's ghost (13)]
  5816 | D:4      | Slain by homeworkjunkie's ghost

Skill      XL: |  1  2  3  4  5  6  7 |
---------------+----------------------+-----
Dodging        | 2 3 |  3.1
Fighting       | 1 2 |  2.8
Earth Magic    | 4 5 |  5.0
Stealth        | 3 4 |  4.3
Spellcasting   | 3 |  3.4
Axes           | 1 |  1.4
Conjurations   | 1 |  1.2
Transmutations | |  1.1

Action                   |  1- 3 |  4- 6 |  7- 9 || total
-------------------------+-------+-------+-------++-------
Melee: Unarmed           |    15 |       |       ||    15
       Whip              |    90 |   123 |       ||   213
       War axe           |       |    59 |    12 ||    71
 Cast: Sandblast         |    24 |    29 |     5 ||    58
       Stone Arrow       |       |    12 |     3 ||    15
  Use: Scroll            |       |       |     5 ||     5
       Potion            |       |       |     2 ||     2
 Stab: Sleeping          |     1 |     3 |       ||     4
  Eat: Chunk             |     2 |     8 |     1 ||    11
       Ration            |       |     2 |       ||     2
Armor: Robe              |    25 |    33 |       ||    58
Dodge: Dodged            |    87 |   124 |     8 ||   219

Vault maps used:
D:1:      dpeg_arrival_caged_fury, st_stairs_6
D:2:      cheibrodos_greedy_goblins, chequers_ecumenical_altar_simple,
          serial_bayou, serial_bayou_pond_c, serial_bayou_shore_b,
          serial_bayou_ford_a, serial_bayou_lake_a, serial_bayou_pond_d,
          minmay_misc_feat_enclosed, minivault_26
D:3:      grunt_dithmenos_smoke, uniq_ijyb
D:4:      serial_aquarium, aquarium_bridge_long_separate,
          aquarium_bridge_island_small, aquarium_window_corridor_2,
          aquarium_window_1, aquarium_window_1, aquarium_view_2d,
          aquarium_view_2d, aquarium_balcony_1b, first_ration

Table legend:
 A = Turns spent in this place as a percentage of turns spent in the entire game.
 B = Non-inter-level travel turns spent in this place as a percentage of non-inter-level travel turns spent in the entire game.
 C = Inter-level travel turns spent in this place as a percentage of turns spent in this place.
 D = Turns resting spent in this place as a percentage of non-inter-level travel turns spent in this place.
 E = Turns spent auto-exploring this place as a percentage of non-inter-level travel turns spent in this place.
 F = Non-inter-level travel turns spent in this place divided by the number of levels of this place that you've seen.
                   A       B       C       D       E      F
               +-------+-------+-------+-------+-------+----------------------
         Total | 100.0 | 100.0 |   2.2 |  41.9 |  29.5 | 1421.8
       Dungeon | 100.0 | 100.0 |   2.2 |  41.9 |  29.5 | 1421.8
               +-------+-------+-------+-------+-------+----------------------

Table legend:
 A = Kills in this place as a percentage of kills in entire the game.
 B = Kills by you in this place as a percentage of kills by you in the entire game.
 C = Kills by friends in this place as a percentage of kills by friends in the entire game.
 D = Other kills in this place as a percentage of other kills in the entire game.
 E = Experience gained in this place as a percentage of experience gained in the entire game.
 F = Experience gained in this place divided by the number of levels of this place that you have seen.
                   A       B       C       D       E      F
               +-------+-------+-------+-------+-------+----------------------
         Total | 100.0 | 100.0 |   N/A |   N/A | 100.0 | 150.8
       Dungeon | 100.0 | 100.0 |   N/A |   N/A | 100.0 | 150.8
               +-------+-------+-------+-------+-------+----------------------
